 Dungeon Sprint DCSS version 0.17-a0-1748-g222fba8 (webtiles) character file.

290 KambridgeKobold the Fighter (level 6, -2/68 HPs)
             Began as a Hill Orc Monk on Sept 1, 2015.
             Slain by a yak (14 damage)
             ... in the Dungeon (Sprint I: "Red Sonja").
             The game lasted 00:01:29 (696 turns).

KambridgeKobold the Fighter (Hill Orc Monk)          Turns: 696, Time: 00:01:29

Health: -2/68      AC:  2    Str: 14    XL:     6   Next: 32%
Magic:  6/6        EV: 13    Int: 10    God:
Gold:   297        SH:  0    Dex: 15    Spells: 0 memorised, 5 levels left

rFire  . . .     SeeInvis .       - Unarmed
rCold  . . .     Clarity  .     a - +0 robe
rNeg   . . .     SustAt   .     (no shield)
rPois  .         Gourm    .     (no helmet)
rElec  .         Spirit   .     (no cloak)
rCorr  .         Warding  .     (no gloves)
rMut   .         NoTele   +     (no boots)
MR     .....                    (no amulet)
Stlth  ++........               (no ring)
                                (no ring)

@: not resistant to hostile enchantments, unstealthy
A: no striking features
a: no special abilities


You were in the Dungeon.
You were not hungry.

You visited 1 branch You collected 297 gold pieces.

Inventory:

Armour
 a - a +0 robe (worn)
Magical devices
 i - a wand of polymorph (0)
Scrolls
 h - a scroll of blinking
 k - a scroll of immolation {unknown}
 l - a scroll of brand weapon {unknown}
Potions
 c - a potion of curing
 d - a potion of heal wounds
 e - a potion of haste
 f - 2 potions of magic
 g - a potion of berserk rage
 j - a potion of invisibility {unknown}
Comestibles
 b - a bread ration


   Skills:
 + Level 11.2 Fighting
 - Level 2.4 Dodging
 - Level 1.5 Stealth
 + Level 10.7 Unarmed Combat


You had 5 spell levels left.
You didn't know any spells.

Dungeon Overview and Level Annotations

Branches:
Dungeon (1/1)

Altars:
Elyvilon
Gozag
Kikubaaqudgha
Makhleb
Nemelex Xobeh
Okawaru
Qazlal
Ru
Sif Muna
Vehumet
Xom
Yredelemnul
Zin
The Shining One

Shops:
D *


Message History

You barely miss the yak.
The yak is moderately wounded.
The yak gores you.
You completely miss the yak.
The yak is moderately wounded.
The yak gores you!
* * * LOW HITPOINT WARNING * * *
You punch the yak!
The yak is heavily wounded.
The yak gores you!
* * * LOW HITPOINT WARNING * * *
You hit the yak.
The yak is heavily wounded.
The yak barely misses you.
You barely miss the yak. Your punch misses the yak.
The yak is heavily wounded.
You hit the yak.
The yak is severely wounded.
The yak gores you!
You die...

################
#<.#..'..#.)'..#
#..'..#.)'..#..+
#..#####'#####'#
#..# #..#...#.#
#..#__####..##.#
#..#_..__##'#..+
#⌠⌠#_.∩..Y@..._#
####_..._##_.#'#
#____ ##+#.#
#### ###


You could see a yak.

Vanquished Creatures
  Sigmund (D)
  An ogre (D)
  Ijyb (D)
  A jelly (D)
4 creatures vanquished.

Vanquished Creatures (others)
  A gargoyle (D)
1 creature vanquished.

Grand Total: 5 creatures vanquished

Notes
Turn   | Place    | Note
--------------------------------------------------------------
     0 | D        | KambridgeKobold the Hill Orc Monk began the quest for the Orb.
     0 | D        | Reached XP level 1. HP: 19/19 MP: 1/1
     1 | D        | Noticed Ijyb
    17 | D        | Killed Ijyb
    17 | D        | Reached skill level 6 in Fighting
    17 | D        | Reached XP level 2. HP: 8/30 MP: 2/2
    17 | D        | Reached XP level 3. HP: 9/37 MP: 3/3
   345 | D        | Noticed an ogre
   352 | D        | Killed an ogre
   352 | D        | Reached skill level 8 in Fighting
   352 | D        | Reached XP level 4. HP: 15/49 MP: 4/4
   506 | D        | Killed a gargoyle
   564 | D        | Noticed Sigmund
   618 | D        | Killed Sigmund
   618 | D        | Reached skill level 10 in Fighting
   618 | D        | Reached skill level 10 in Unarmed Combat
   618 | D        | Reached XP level 5. HP: 34/59 MP: 5/5
   618 | D        | Reached XP level 6. HP: 38/67 MP: 6/6
   652 | D        | Found a deep blue altar of Sif Muna.
   653 | D        | Noticed a jelly
   654 | D        | Found a radiant altar of Vehumet.
   656 | D        | Killed a jelly
   656 | D        | Reached skill level 11 in Fighting
   685 | D        | Found Igough's General Store.
   685 | D        | Found a white marble altar of Elyvilon.
   685 | D        | Found a stormy altar of Qazlal.
   685 | D        | Found a basalt altar of Yredelemnul.
   685 | D        | Found an iron altar of Okawaru.
   685 | D        | Found a sparkling altar of Nemelex Xobeh.
   685 | D        | Found a shimmering altar of Xom.
   685 | D        | Found an ancient bone altar of Kikubaaqudgha.
   685 | D        | Noticed a yak
   686 | D        | Found a burning altar of Makhleb.
   686 | D        | Found a sacrificial altar of Ru.
   686 | D        | Found a glowing golden altar of the Shining One.
   686 | D        | Found an opulent altar of Gozag.
   686 | D        | Found a glowing silver altar of Zin.
   696 | D        | Slain by a yak

Vault maps used:
D:        dungeon_sprint_1

Action                   |  1- 3 |  4- 6 || total
-------------------------+-------+-------++-------
Melee: Unarmed           |    20 |    57 ||    77
 Stab: Sleeping          |       |     1 ||     1
